 Dungeon Crawl Stone Soup version 0.31-a0-1-g4198be8af4 (webtiles) character file.

Game seed: 8292110389484105546

11 Ahpoh the Slasher (level 2, -4/24 HPs)
             Began as a Vine Stalker Berserker on Apr 28, 2023.
             Was a Follower of Trog.
             Slain by a gnoll
             ... wielding a +0 club
              (5 damage)
             ... on level 1 of the Dungeon on May 1, 2023.
             The game lasted 00:01:13 (226 turns).

Ahpoh the Slasher (Vine Stalker Berserker)           Turns: 226, Time: 00:01:14

Health: -4/24      AC:  2    Str: 19    XL:     2   Next: 25%
Magic:  0/3        EV: 12    Int:  7    God:    Trog [*.....]
Gold:   0          SH:  0    Dex: 13    Spells: 1/1 levels left

rFire   . . .        a - +0 falchion
rCold   . . .        (no shield)
rNeg    . . .        b - +0 animal skin
rPois   .            (no helmet)
rElec   .            (no cloak)
rCorr   .            (no gloves)
SInv    .            (no boots)
Will    .....        d - amulet of the acrobat Stlth
                     (no ring)
HPRegen 0.24/turn    (no ring)
MPRegen 0.08/turn

%: acrobat, guardian spirit
@: berserking, very quick
A: fangs 2, magic shield, antimagic bite, no potion heal 2
a: Renounce Religion, Berserk


You were on level 1 of the Dungeon.
You worshipped Trog.
Trog was aware of your devotion.
You visited 1 branch of the dungeon, and saw 1 of its levels.

Inventory:

Hand Weapons
 a - a +0 falchion (weapon)
Armour
 b - a +0 animal skin (worn)
Jewellery
 d - an amulet of the acrobat (around neck)
Scrolls
 c - a scroll of identify
Potions
 e - a potion of attraction {unknown}
 f - 2 potions of curing {unknown}


   Skills:
 + Level 2.9 Fighting
 + Level 3.0 Long Blades
 + Level 1.7 Armour
 + Level 1.6 Dodging


You had one spell level left.
You didn't know any spells.
Your spell library was empty.

Dungeon Overview and Level Annotations

Branches:
Dungeon (1/15)

Altars:


Innate Abilities, Weirdness & Mutations

You have extremely sharp teeth.
When hurt, damage is shared between your health and your magic reserves.
Your bite disrupts and absorbs the magic of your enemies.
Potions cannot restore your health.


Message History

The slug dart hits you.
A gnoll comes into view. It is wielding a +0 club.
Found a stone staircase leading down.
A jackal comes into view.
The gnoll shouts!
You hear a bark! x2
A jackal comes into view.
The dart slug launches a dart at you. The slug dart misses you.
The jackal barks!
You hit the dart slug.
The dart slug is lightly wounded.
A jackal comes into view.
A giant cockroach comes into view.
You hit the dart slug.
The dart slug is moderately wounded.
The dart slug launches a dart at you. The slug dart hits you.
You slash the dart slug!
You kill the dart slug!
Trog accepts your kill.
Your Long Blades skill increases to level 3!
You hit the jackal.
The jackal is severely wounded.
The gnoll hits you with a +0 club.
The giant cockroach waves its antennae.
The jackal bites you but does no damage.
The gnoll hits you with a +0 club.
You closely miss the jackal. Your bite misses the jackal. The jackal bites you.
* * * LOW HITPOINT WARNING * * *
The jackal closely misses you. The gnoll misses you.
You slash the jackal!
You kill the jackal!
Trog accepts your kill. The jackal bites you.
* * * LOW HITPOINT WARNING * * *
The jackal bites you but does no damage.
The gnoll misses you. The jackal completely misses you.
A red film seems to cover your vision as you go berserk!
You feel yourself moving faster!
You feel mighty! The jackal barely misses you. x2
The gnoll hits you with a +0 club.
You die...

.P...♣♣.##.#.###...##.PP....#####
...♣.♣..>#.#.# #...........##
PP♣♣.........# #############
.P♣..........# P♣♣..........#
♣♣...........# #####.......###
#.........#########
###........@hB.....
#........hg......
#.....♣♣♣♣♣.?.... #.....♣ ......
#####.. ..... #.♣ ..... #.♣ ..>.
#. ....


You could see a gnoll, 2 jackals and a giant cockroach.

Vanquished Creatures
  A dart slug (D:1)
  A ball python (D:1)
  2 endoplasms (D:1)
  A giant cockroach (D:1)
  A jackal (D:1)
  A bat (D:1)
  A rat (D:1)
8 creatures vanquished.

Notes
Turn   | Place    | Note
-------+----------+-------------------------------------------
     0 | D:1      | Ahpoh the Vine Stalker Berserker began the quest for the
                  | Orb.
     0 | D:1      | Reached XP level 1. HP: 11/11 MP: 2/2
     0 | D:1      | Upgraded the game from 0.30-a0-1163-gf69bf04e7a to
                  | 0.31-a0-1-g4198be8af4
   146 | D:1      | Reached XP level 2. HP: 16/16 MP: 3/3
   223 | D:1      | Reached skill level 3 in Long Blades
   226 | D:1      | Slain by a gnoll

Illustrated notes

Levels and vault maps discovered:
D:1:      minmay_arrival_plants_in_alcoves, layout_rooms, serial_forest,
          infiniplex_forest_straight_4, infiniplex_forest_pool,
          infiniplex_forest_side_room, infiniplex_forest_clump_double,
          infiniplex_forest_side_room, infiniplex_forest_clump_large,
          infiniplex_forest_clump_cross, infiniplex_forest_lined_corner,
          minmay_misc_feat_cross, kennysheep_pointless_box

Skill      XL: |  1  2 |
---------------+-------+-----
Long Blades    | 3 |  3.0
Fighting       | |  2.9
Armour         | |  1.7
Dodging        | |  1.6

Action                     || total
---------------------------++-------
  Melee: Falchion          ||    15
         Bite              ||     2
 Invoke: Berserk           ||     1
    Use: Scroll            ||     1
 Armour: Animal skin       ||     2
  Dodge: Dodged            ||     9

Table legend: (Time is in decaauts)
 A = Elapsed time spent in this place.
 B = Non-inter-level travel time spent in this place.
 C = Inter-level travel time spent in this place.
 D = Time resting spent in this place.
 E = Time spent auto-exploring this place.
 F = Levels seen in this place.
 G = Mean time per level.
                   A        B        C        D        E       F      G
               +--------+--------+--------+--------+--------+-----+--------+
         Total |    228 |    228 |      0 |      0 |    159 |   1 |  228.0 |
       Dungeon |    228 |    228 |      0 |      0 |    159 |   1 |  228.0 |
               +--------+--------+--------+--------+--------+-----+--------+

Top non-repeatable levels by time:
     D:1: 228 daAuts
